 Dungeon Crawl Stone Soup version 0.22.1-1-ga44c0e56f4 (webtiles) character file.

4230 Morbidden the Spear-Bearer (level 10, -4/68 HPs)
             Began as an Octopode Monk on Nov 4, 2018.
             Was the Champion of Cheibriados.
             Killed from afar by an electric eel (12 damage)
             ... with a bolt of electricity
             ... on level 8 of the Dungeon.
             The game lasted 00:26:51 (8844 turns).

Morbidden the Spear-Bearer (Octopode Monk)          Turns: 8844, Time: 00:26:52

Health: -4/68      AC:  1    Str: 26    XL:     10   Next: 30%
Magic:  14/14      EV: 14    Int: 30    God:    Cheibriados [******]
Gold:   234        SH: 18    Dex: 30    Spells: 9/9 levels left

rFire    . . .     SeeInvis .   a - +1 trident
rCold    . . .     Gourm    +   m - +1 large shield
rNeg     . . .     Faith    .   (helmet restricted)
rPois    +         Spirit   .   s - amulet of the gourmand
rElec    .         Reflect  .   g - ring of protection from magic
rCorr    .         Harm     .   z - ring of poison resistance
MR       +....                  (no ring)
Stlth    ++++++....             (no ring)
HPRegen  0.21/turn              (no ring)
MPRegen  0.14/turn              (no ring)
                                (no ring)
                                (no ring)

@: very slow
A: almost no armour, stealthy swim, amphibious, 8 rings, constrict 8, camouflage
1, gelatinous body 1
a: Bend Time, Temporal Distortion, Slouch, Step From Time, Renounce Religion


You were on level 8 of the Dungeon.
You worshipped Cheibriados.
Cheibriados was exalted by your worship.
You were very full.

You visited 1 branch of the dungeon, and saw 8 of its levels.

You collected 292 gold pieces.
You spent 58 gold pieces at shops.

Inventory:

Hand Weapons
 a - a +1 trident (weapon)
 b - a +1 dagger of electrocution
Missiles
 k - 3 throwing nets (quivered)
Armour
 m - a +1 large shield (worn)
Jewellery
 g - a ring of protection from magic (left tentacle)
 s - an amulet of the gourmand (around mantle)
 z - a ring of poison resistance (right tentacle)
 A - an uncursed ring of ice
Wands
 h - a wand of digging (16)
 p - a wand of iceblast (8)
 w - a wand of polymorph (9)
Scrolls
 c - 3 scrolls of remove curse
 e - 5 scrolls of teleportation
 j - 3 scrolls of immolation
 n - a scroll of fear {unknown}
 q - a scroll of blinking
 t - a scroll of enchant armour
 u - a scroll of fog {unknown}
Potions
 d - 2 potions of curing
 i - a potion of lignification
 l - a potion of mutation {unknown}
 o - a potion of heal wounds
 r - 3 potions of resistance
 v - 2 potions of flight
 x - 2 potions of degeneration {unknown}
 B - a potion of berserk rage {unknown}
 C - 2 potions of might
 D - 2 potions of invisibility {unknown}
 E - 2 potions of agility {unknown}
Comestibles
 f - 17 rations


   Skills:
 + Level 6.1 Fighting
 * Level 10.0 Polearms
 + Level 5.3 Dodging
 + Level 8.6 Stealth
 + Level 3.8 Shields
 * Level 5.5 Invocations


You had 9 spell levels left.
You didn't know any spells.
Your spell library contained the following spells:

 Spells                   Type           Power        Failure   Level  Hunger
 Corona                   Hex            #......      83%         1    ##.....
 Ensorcelled Hibernation  Hex/Ice        #.....       92%         2    ###....
 Confuse                  Hex            #.......     99%         3    ####...
 Dazzling Spray           Conj/Hex       #.....       99%         3    ####...
 Tukima's Dance           Hex            #.......     99%         3    ####...


Dungeon Overview and Level Annotations

Branches:
Dungeon (8/15)             Temple (0/1) D:7            Lair (0/6) D:8

Altars:
Cheibriados
Elyvilon
Kikubaaqudgha
Okawaru
Ru
Sif Muna
Uskayaw
Vehumet
Wu Jian
Xom
Yredelemnul
Zin
The Shining One

Shops:
D:4 [(}

Annotations:
D:7 3 runed doors, exclusion: statue, chumloofah's ghost, novice DrTm


Innate Abilities, Weirdness & Mutations

You cannot wear most types of armour.
You are very stealthy in the water. (Stealth+)
You are amphibious.
You can wear up to eight rings at the same time.
You can use your tentacles to constrict eight enemies at once.
Your skin changes colour to match your surroundings (Stealth+).
Your rubbery body absorbs attacks. (AC +1, EV +1)


Message History

Unknown command.
There is an open door here.
Found 25 arrows.
You see here 25 arrows.
Found a flail.
The electric eel shoots out a bolt of lightning at you!
The bolt of electricity hits you!
The electric eel shoots out a bolt of lightning at you!
The bolt of electricity hits you!
Unknown command.
The electric eel shoots out a bolt of lightning at you!
The bolt of electricity hits you!
The electric eel shoots out a bolt of lightning at you!
The bolt of electricity hits you!
The electric eel shoots out a bolt of lightning at you!
The bolt of electricity hits you! x2
* * * LOW HITPOINT WARNING * * *
The electric eel shoots out a bolt of lightning at you!
The bolt of electricity hits you!
You die...

#............≈###≈≈;≈###≈..#
..............≈≈≈≈≈≈≈≈≈≈...#
#....#######..≈≈≈≈≈≈≈≈≈≈...#
#..........#.≈###≈≈;≈###≈..#
#..........'.#...#≈≈#...#..#
#..........#.#.⌠.#..#.⌠.#..#
...........#.#...#..#...#.##
##............###....###..#
##...#'####.....@......)..#
######...##....#####.######
# ###.####### #.# # #.# #.#
# #.# #.########### # #.#
#...........# # #.#
###########.# # #.# #.# #.#
#.#


You could see an electric eel.

Vanquished Creatures
  Harold (D:7)
  An elephant (D:8)
  2 hippogriffs (D:8)
  A basilisk (D:8)
  4 hogs (D:7)
  A human (D:7)
  An ice beast (D:5)
  An ogre (D:6)
  A black bear (D:7)
  A bullfrog (D:7)
  A scorpion (D:5)
  8 killer bees
  2 howler monkeys
  2 crimson imps
  2 jellies
  A quasit (D:7)
  4 orc priests
  3 hounds
  10 orc wizards
  A centaur skeleton (D:6)
  3 iguanas
  Ijyb (D:4)
  5 worker ants
  2 hound zombies
  A hound skeleton (D:7)
  Robin (D:4)
  A howler monkey zombie (D:6)
  A worker ant zombie (D:6)
  2 gnolls (D:3)
  3 adders
  A shadow imp (D:6)
  An ooze (D:3)
  An adder zombie (D:6)
  2 adder skeletons
  4 worms
  4 dart slugs
  3 leopard geckos
  28 orcs
  4 bats
  5 giant cockroaches
  15 goblins
  12 hobgoblins
  7 jackals
  8 quokkas
  A ball python (D:1)
  6 frilled lizards
  A jackal skeleton (D:6)
  11 kobolds
  A leopard gecko skeleton (D:6)
  A quokka zombie (D:5)
  8 rats
  4 plants (D:3)
196 creatures vanquished.

Vanquished Creatures (others)
  2 plants (D:3)
2 creatures vanquished.

Grand Total: 198 creatures vanquished

Notes
Turn   | Place    | Note
-------+----------+-------------------------------------------
     0 | D:1      | Morbidden the Octopode Monk began the quest for the Orb.
     0 | D:1      | Reached XP level 1. HP: 16/16 MP: 1/1
    42 | D:1      | Reached XP level 2. HP: 2/21 MP: 2/2
   315 | D:1      | Found a snail-covered altar of Cheibriados.
   345 | D:1      | Became a worshipper of Cheibriados the Contemplative
   345 | D:1      | Reached * piety under Cheibriados
   345 | D:1      | Reached ** piety under Cheibriados
   542 | D:1      | Reached XP level 3. HP: 26/26 MP: 3/3
  1132 | D:2      | Found a shimmering altar of Xom.
  1231 | D:2      | Reached *** piety under Cheibriados
  1334 | D:2      | Found a glowing golden altar of the Shining One.
  1368 | D:2      | Found a snail-covered altar of Cheibriados.
  1675 | D:2      | Reached XP level 4. HP: 31/31 MP: 4/4
  2043 | D:3      | Reached skill level 4 in Polearms
  2620 | D:4      | Found Nier's Armour Shoppe.
  2623 | D:4      | Bought a +0 large shield for 58 gold pieces
  2708 | D:4      | Found Sel Muule's Gadget Emporium.
  2828 | D:4      | Found Woozxin's Antique Weapon Shoppe.
  2911 | D:4      | Noticed Robin
  2921 | D:4      | Reached XP level 5. HP: 32/36 MP: 5/5
  2928 | D:4      | Killed Robin
  3254 | D:4      | Found a sacrificial altar of Ru.
  3265 | D:4      | Noticed Ijyb
  3270 | D:4      | Killed Ijyb
  3270 | D:4      | Reached skill level 5 in Stealth
  3418 | D:3      | Reached **** piety under Cheibriados
  3439 | D:3      | Found a deep blue altar of Sif Muna.
  3518 | D:3      | Found a basalt altar of Yredelemnul.
  3702 | D:3      | Reached XP level 6. HP: 39/43 MP: 6/6
  4114 | D:5      | Entered Level 5 of the Dungeon
  4115 | D:5      | Reached skill level 1 in Invocations
  4125 | D:5      | Noticed an ice beast
  4131 | D:5      | Killed an ice beast
  4131 | D:5      | Reached skill level 5 in Polearms
  4159 | D:5      | Reached XP level 7. HP: 43/48 MP: 8/8
  4187 | D:5      | Reached skill level 1 in Shields
  4187 | D:5      | Reached ***** piety under Cheibriados
  4514 | D:5      | Found a white marble altar of Elyvilon.
  4746 | D:6      | Found a radiant altar of Vehumet.
  4751 | D:6      | Reached skill level 6 in Polearms
  5025 | D:6      | Found a glowing silver altar of Zin.
  5063 | D:6      | Found a hide-covered altar of Uskayaw.
  5064 | D:6      | Noticed a hand axe
  5064 | D:6      | Noticed a hand axe
  5104 | D:6      | Found an ancient bone altar of Kikubaaqudgha.
  5246 | D:6      | Reached XP level 8. HP: 50/54 MP: 9/9
  5378 | D:6      | Found an ornate altar of the Wu Jian Council.
  5534 | D:7      | Reached skill level 7 in Polearms
  5547 | D:7      | Noticed chumloofah's ghost (novice DrTm)
  5747 | D:7      | Found a runed gate.
  5748 | D:7      | Found a runed gate.
  5750 | D:7      | Found a runed gate.
  5782 | D:7      | Found a staircase to the Ecumenical Temple.
  5941 | D:7      | Found an iron altar of Okawaru.
  6013 | D:7      | Noticed Harold
  6605 | D:8      | Noticed an elephant
  6640 | D:8      | Killed an elephant
  6640 | D:8      | Reached skill level 5 in Fighting
  6640 | D:8      | Reached XP level 9. HP: 31/61 MP: 11/11
  6825 | D:8      | Reached skill level 8 in Polearms
  6993 | D:8      | Found a staircase to the Lair.
  7239 | D:7      | Found a radiant altar of Vehumet.
  7623 | D:7      | Killed Harold
  7623 | D:7      | Reached skill level 9 in Polearms
  7623 | D:7      | Reached skill level 5 in Dodging
  7623 | D:7      | Reached skill level 5 in Invocations
  7623 | D:7      | Reached XP level 10. HP: 48/68 MP: 0/13
  7789 | D:7      | Reached ****** piety under Cheibriados
  7847 | D:7      | Found an iron altar of Okawaru.
  8214 | D:8      | Reached skill level 10 in Polearms
  8844 | D:8      | Killed from afar by an electric eel

Skill      XL: |  1  2  3  4  5  6  7  8  9 10 |
---------------+-------------------------------+-----
Stealth        | 3 4 5 6 7 8 |  8.6
Polearms       | 4 5 6 7 9 10 | 10.0
Invocations    | 1 2 3 5 |  5.5
Fighting       | 4 5 6 |  6.1
Shields        | 1 2 3 |  3.8
Dodging        | 4 5 |  5.3

Action                   |  1- 3 |  4- 6 |  7- 9 | 10-12 || total
-------------------------+-------+-------+-------+-------++-------
Melee: Spear             |    67 |    31 |       |       ||    98
       Constrict         |    19 |    38 |    44 |    11 ||   112
       Tentacles         |    15 |    44 |    60 |    16 ||   135
       Dagger            |    18 |    67 |       |       ||    85
       Glaive            |       |     1 |       |       ||     1
       Trident           |       |    63 |   192 |    45 ||   300
Throw: Throwing net      |       |       |     1 |       ||     1
  Use: Scroll            |       |     3 |    10 |     1 ||    14
       Potion            |       |     3 |     7 |       ||    10
 Stab: Sleeping          |    17 |    18 |    14 |     1 ||    50
       Distracted        |       |     3 |     3 |     1 ||     7
       Held in net/web   |       |       |     2 |       ||     2
  Eat: Chunk             |       |     4 |    14 |     1 ||    19
Armor: Skin              |     6 |    10 |     7 |       ||    23
Dodge: Dodged            |    31 |    37 |    42 |    20 ||   130
Block: Large shield      |       |    40 |    92 |    27 ||   159
